 Dungeon Crawl Stone Soup version 0.32-a0-540-g866d13106e (webtiles) character file.

Game seed: 17721699073668468141

387 javelincjr the Trooper (level 6, -1/49 HPs)
             Began as a Demonspawn Fighter on Feb 28, 2024.
             Was an Initiate of Beogh.
             Slain by an ogre
             ... wielding a +0 giant club
              (31 damage)
             ... on level 4 of the Dungeon.
             The game lasted 00:09:00 (2963 turns).

javelincjr the Trooper (Demonspawn Fighter)         Turns: 2963, Time: 00:09:01

Health: -1/49      AC:  4    Str: 21    XL:     6   Next: 49%
Magic:  15/15      EV:  8    Int:  8    God:    Beogh [......]
Gold:   232        SH: 13    Dex: 13    Spells: 5/5 levels left

rFire   + . .        a - +0 trident
rCold   . . .        f - +0 tower shield
rNeg    . . .        o - +1 leather armour of Gravitas {rF+ Str+3}
rPois   .            (helmet restricted)
rElec   .            (no cloak)
rCorr   .            (no gloves)
SInv    .            (no boots)
Will    .....        (no amulet)
Stlth   +            j - ring of magical power
HPRegen 0.28/turn    (no ring)
MPRegen 0.14/turn

%: no passive effects
@: no status effects
A: horns 1, ignite blood 1, spiny 1
a: Renounce Religion


You were on level 4 of the Dungeon.
You worshipped Beogh.
Beogh was noncommittal.
You visited 1 branch of the dungeon, and saw 4 of its levels.

You collected 232 gold pieces.

Inventory:

Hand Weapons
 a - a +0 trident (weapon)
Missiles
 k - 4 javelins (quivered)
Armour
 b - a +0 scale mail
 c - a +0 buckler
 f - a +0 tower shield (worn)
 o - the +1 leather armour of Gravitas (worn) {rF+ Str+3}
   (You found it on level 2 of the Dungeon)

   Str+3:     It affects your strength (+3).
   rF+:       It protects you from fire.
 w - a +0 crystal plate armour
Jewellery
 j - a ring of magical power (left hand)
Wands
 n - a wand of flame (6)
Scrolls
 d - a scroll of enchant weapon {unknown}
 e - 2 scrolls of teleportation {unknown}
 h - 4 scrolls of torment {unknown}
 i - a scroll of amnesia {unknown}
 l - a scroll of brand weapon {unknown}
 m - 2 scrolls of poison {unknown}
 r - a scroll of fog {unknown}
 s - 2 scrolls of immolation {unknown}
 v - a scroll of identify {unknown}
Potions
 g - 2 potions of brilliance {unknown}
 p - a potion of magic {unknown}
 q - a potion of resistance {unknown}
 t - a potion of berserk rage {unknown}
 u - a potion of invisibility {unknown}
 x - a potion of mutation {unknown}


   Skills:
 * Level 4.7 Fighting
 + Level 2.9 Polearms
 * Level 4.0 Armour
 + Level 4.0 Shields
 + Level 1.4 Evocations


You had 5 spell levels left.
You didn't know any spells.
Your spell library contained the following spells:

 Spells                   Type           Power      Damage    Failure   Level
 Freeze                   Ice            0%         1d3       98%         1
 Magic Dart               Conj           0%         1d3       98%         1
 Blink                    Tloc           0%         N/A       99%         2
 Call Imp                 Summ           0%         N/A       99%         2
 Frozen Ramparts          Ice            0%         1d1       100%        3
 Hailstorm                Conj/Ice       0%         3d5       100%        3


Dungeon Overview and Level Annotations

Branches:
Dungeon (4/15)
 Temple: D:4-7

Altars:
Xom


Innate Abilities, Weirdness & Mutations

You have a pair of small horns on your head.
Your demonic aura sometimes causes spilled blood to erupt in flames.
You are partially covered in sharp spines.


Message History

Found 7 gold pieces.
Found a scroll labelled GAQASA YXAF.
Found a scroll labelled INUENT ZOUSY.
Found 3 poisoned darts.
Found a dagger.
A kobold comes into view. It is wielding a +0 club.
The kobold shouts!
You hear a shout!
You reach to attack!
You hit the kobold but do no damage. You block the kobold's attack.
You closely miss the kobold. The kobold is struck by your spines.
You kill the kobold!
Beogh accepts your kill.
Your Armour skill increases to level 4!
No target in view!
No target in view!
Things that are here:
a +0 club; a kobold corpse A ball python comes into view.
You reach to attack!
You catch the helpless ball python completely off-guard!
You hit the ball python.
The ball python is moderately wounded.
The ball python is engulfed in blazing flames.
You kill the ball python!
Beogh accepts your kill.
No target in view!
No target in view!
Found a scroll labelled GEDYBA KOQER.
An ogre comes into view. It is wielding a +0 giant club.
The ogre shouts!
A hobgoblin comes into view.
You puncture the hobgoblin!
You kill the hobgoblin!
Beogh accepts your kill.
The ogre hits you with a +0 giant club!!
You hit the ogre.
The ogre is lightly wounded.
The ogre hits you with a +0 giant club!!
Ouch! That really hurt!
You die...

#.##....>###.....#
#.?#....$..####..##
###..##.......##...#
.?##.##..##.......#
#.#.?.#..###.###.##
#†##)#......## #.#
#..##......# ###
#O#.#..#..##
#@#.#..#.##
#.#....#.#
#$##.#....#
#....#.#### ...(...#
.......# ########


You could see an ogre.

Vanquished Creatures
  Sigmund (D:4)
  2 bombardier beetles (D:3)
  9 adders
  A dart slug (D:2)
  2 ribbon worms (D:2)
  An orc (D:4)
  4 endoplasms
  3 giant cockroaches
  5 goblins
  9 hobgoblins
  3 jackals (D:3)
  2 quokkas
  4 ball pythons
  10 bats
  10 frilled lizards
  4 kobolds
  10 rats
80 creatures vanquished.

Notes
Turn   | Place    | Note
-------+----------+-------------------------------------------
     0 | D:1      | javelincjr the Demonspawn Fighter began the quest for the
                  | Orb.
     0 | D:1      | Reached XP level 1. HP: 18/18 MP: 1/1
   101 | D:1      | Gained mutation: You have a pair of small horns on your
                  | head. [demonic ancestry]
   101 | D:1      | Reached XP level 2. HP: 24/24 MP: 2/2
   672 | D:2      | Reached XP level 3. HP: 29/29 MP: 3/3
   720 | D:2      | Identified the +1 leather armour of Gravitas {rF+ Str+3}
  1195 | D:2      | Gained mutation: Your demonic aura sometimes causes spilled
                  | blood to erupt in flames. [demonic ancestry]
  1195 | D:2      | Reached XP level 4. HP: 37/37 MP: 4/4
  1954 | D:3      | Found a faded altar of an unknown god.
  2074 | D:3      | Gained mutation: You are partially covered in sharp spines.
                  | [demonic ancestry]
  2074 | D:3      | Reached XP level 5. HP: 38/42 MP: 5/5
  2432 | D:4      | Noticed Sigmund
  2647 | D:4      | Killed Sigmund
  2648 | D:4      | Reached skill level 1 in Evocations
  2648 | D:4      | Reached XP level 6. HP: 20/49 MP: 6/6
  2767 | D:4      | Became a worshipper of Beogh the Shepherd
  2889 | D:4      | Found a shimmering altar of Xom.
  2963 | D:4      | Slain by an ogre

Illustrated notes

Levels and vault maps discovered:
D:1:      amcnicky_arrival_blooded_trapdoor, layout_basic
D:2:      layout_loops_corners, serial_rivers, chequers_serial_rivers_room_b,
          chequers_serial_rivers_micro_b, chequers_serial_rivers_micro_d,
          chequers_serial_rivers_room_a, chequers_serial_rivers_micro_d,
          chequers_serial_rivers_large_b, serial_bayou_ford_a,
          kennysheep_cluttered_room, minmay_increasing_density
D:3:      layout_basic, nicolae_ecumenical_snake_handling
D:4:      layout_cave_pools, lemuel_doored_altar, minmay_pentomino_pile,
          uniq_sigmund

Skill      XL: |  1  2  3  4  5  6 |
---------------+-------------------+-----
Shields        | 3 4 |  4.0
Polearms       | 2 |  2.9
Armour         | 3 4 |  4.0
Fighting       | 4 |  4.7
Evocations     | 1 |  1.4

Action                     |  1- 3 |  4- 6 || total
---------------------------+-------+-------++-------
  Melee: Trident           |   116 |   121 ||   237
         Headbutt          |    12 |    14 ||    26
  Throw: Javelin           |       |     1 ||     1
 Invoke: Convert to Beogh  |       |     1 ||     1
  Evoke: Wand              |       |     2 ||     2
    Use: Potion            |       |     1 ||     1
   Stab: Sleeping          |       |     1 ||     1
         Distracted        |       |     1 ||     1
 Armour: Scale mail        |    33 |       ||    33
         Leather armour    |    12 |    60 ||    72
  Dodge: Dodged            |    32 |    35 ||    67
  Block: Buckler           |     5 |       ||     5
         Tower shield      |    43 |    79 ||   122

Table legend: (Time is in decaauts)
 A = Elapsed time spent in this place.
 B = Non-inter-level travel time spent in this place.
 C = Inter-level travel time spent in this place.
 D = Time resting spent in this place.
 E = Time spent auto-exploring this place.
 F = Levels seen in this place.
 G = Mean time per level.
                   A        B        C        D        E       F      G
               +--------+--------+--------+--------+--------+-----+--------+
         Total |   3129 |   3010 |    119 |     87 |   2131 |   4 |  782.2 |
       Dungeon |   3129 |   3010 |    119 |     87 |   2131 |   4 |  782.2 |
               +--------+--------+--------+--------+--------+-----+--------+

Top non-repeatable levels by time:
     D:2: 1162 daAuts
     D:3: 921 daAuts
     D:1: 662 daAuts
     D:4: 383 daAuts
